IL
ROCHESTER RED WINGS @ OMAHA STORM CHASERS
05/28/2049
 
TOP OF THE 1ST
Rochester Red Wings batting - Pitching for Omaha Storm Chasers : LHP John Brooks
Pitching: LHP John Brooks
Batting: RHB José Molina 0-0: Ball
1-0: Called Strike
1-1: Foul Ball, location: 2F
1-2: Ball
2-2: Strikes out looking
Batting: SHB Ian Thompson 0-0: Called Strike
0-1: Called Strike
0-2: Ball
1-2: DOUBLE (Flyball, 78D, EV 105.6 MPH)
Batting: RHB Leo Gonzalez 0-0: Called Strike
0-1: Swinging Strike
0-2: Ball
1-2: Strikes out swinging
Batting: RHB Josh Harmon 0-0: Called Strike
0-1: Ball
1-1: Ball
2-1: Foul Ball, location: 2F
2-2: Ball
3-2: Base on Balls
Batting: LHB Jon Ventura 0-0: Ball
1-0: Ball
2-0: Foul Ball, location: 2F
2-1: Swinging Strike
2-2: Ball
3-2: Base on Balls
Ian Thompson to third
Josh Harmon to second
Batting: RHB Ryan Gautney 0-0: Called Strike
0-1: Ball
1-1: Ball
2-1: Foul Ball, location: 2F
2-2: Ball
3-2: Ground out 6-3 (Groundball, 6, EV 96.9 MPH)
Top of the 1st over - 0 runs, 1 hit, 0 errors, 3 left on base; Rochester 0 - Omaha 0
BOTTOM OF THE 1ST
Omaha Storm Chasers batting - Pitching for Rochester Red Wings : RHP Ruben Requena
Pitching: RHP Ruben Requena
Batting: RHB Kevin Wimberly 0-0: Called Strike
0-1: Ball
1-1: Called Strike
1-2: Strikes out swinging
Batting: SHB Ryoji Hiraoka 0-0: Ball
1-0: Foul Ball, location: 2F
1-1: Ball
2-1: Ball
3-1: Called Strike
3-2: SINGLE (Groundball, 4D, EV 99.4 MPH)
Batting: RHB Adam Martin 0-0: Called Strike
0-1: Swinging Strike
0-2: Ball
1-2: Strikes out swinging
Batting: RHB Kazuki Arai 0-0: Swinging Strike
0-1: Fielders Choice at 2nd, U4 (Groundball, 4M, EV 109.4 MPH)
Bottom of the 1st over - 0 runs, 1 hit, 0 errors, 1 left on base; Rochester 0 - Omaha 0
TOP OF THE 2ND
Rochester Red Wings batting - Pitching for Omaha Storm Chasers : LHP John Brooks
Batting: RHB Pedro Pinero 0-0: Called Strike
0-1: Swinging Strike
0-2: Ball
1-2: Ball
2-2: Ball
3-2: SINGLE (Line Drive, 7S, EV 100.6 MPH)
Batting: RHB Dan Grable 0-0: Foul Ball, location: 2F
0-1: Ball
1-1: Ball
2-1: Foul Ball, location: 2F
2-2: Strikes out swinging
Batting: LHB Tyler Allen 0-0: Called Strike
0-1: Swinging Strike
0-2: Ball
1-2: Foul Ball, location: 2F
1-2: Fly out, F7 (Flyball, 7S, EV 95.0 MPH)
Batting: RHB José Molina 0-0: Called Strike
0-1: Ball
1-1: Foul Ball, location: 2F
1-2: Ball
2-2: SINGLE (Groundball, 34D, EV 104.4 MPH)
Pedro Pinero to second
Runner from 2nd tries for 3rd, SAFE, throw by RF made to third
José Molina to second
Batting: SHB Ian Thompson 0-0: Called Strike
0-1: Ball
1-1: Ball
2-1: Fly out, F7 (Flyball, 7S, EV 88.8 MPH)
Top of the 2nd over - 0 runs, 2 hits, 0 errors, 2 left on base; Rochester 0 - Omaha 0
BOTTOM OF THE 2ND
Omaha Storm Chasers batting - Pitching for Rochester Red Wings : RHP Ruben Requena
Batting: LHB Robby Diaz 0-0: Ball
1-0: Fly out, F7 (Flyball, 78D, EV 102.5 MPH)
Batting: RHB Taisei Fujii 0-0: Ball
1-0: Ground out 5-3 (Groundball, 56, EV 78.8 MPH)
Batting: SHB Bill Ertl 0-0: Ground out 4-3 (Groundball, 34D, EV 86.2 MPH)
Bottom of the 2nd over - 0 runs, 0 hits, 0 errors, 0 left on base; Rochester 0 - Omaha 0
TOP OF THE 3RD
Rochester Red Wings batting - Pitching for Omaha Storm Chasers : LHP John Brooks
Batting: RHB Leo Gonzalez 0-0: Ball
1-0: Ball
2-0: DOUBLE (Groundball, 5L, EV 101.2 MPH)
Batting: RHB Josh Harmon 0-0: Fly out, F8 (Flyball, 8LXD, EV 95.6 MPH)
Runner from 2nd tags up, SAFE at 3rd, no throw by CF
Batting: LHB Jon Ventura 0-0: Ball
1-0: DOUBLE (Line Drive, 8LXD, EV 106.2 MPH)
Leo Gonzalez scores
Batting: RHB Ryan Gautney 0-0: Ball
1-0: Ball
2-0: Fly out, F9 (Flyball, 9, EV 84.4 MPH)
Runner from 2nd tags up, SAFE at 3rd with throw by RF
Batting: RHB Pedro Pinero 0-0: Ball
1-0: Ball
2-0: Ball
3-0: Called Strike
3-1: Ground out 6-3 (Groundball, 6, EV 82.5 MPH)
Top of the 3rd over - 1 run, 2 hits, 0 errors, 1 left on base; Rochester 1 - Omaha 0
BOTTOM OF THE 3RD
Omaha Storm Chasers batting - Pitching for Rochester Red Wings : RHP Ruben Requena
Batting: RHB Ken Postlethwaite 0-0: Called Strike
0-1: Swinging Strike
0-2: Ball
1-2: Fly out, F9 (Flyball, 9D, EV 100.6 MPH)
Batting: RHB Justin Goff 0-0: Called Strike
0-1: Fly out, F8 (Flyball, 8RXD, EV 90.0 MPH)
Batting: RHB Kevin Wimberly 0-0: Ball
1-0: Called Strike
1-1: Foul Ball, location: 2F
1-2: Foul Ball, location: 2F
1-2: Ball
2-2: Foul Ball, location: 2F
2-2: Ball
3-2: Base on Balls
Batting: SHB Ryoji Hiraoka 0-0: Ball
1-0: Ball
2-0: Fly out, F9 (Flyball, 9, EV 90.6 MPH)
Bottom of the 3rd over - 0 runs, 0 hits, 0 errors, 1 left on base; Rochester 1 - Omaha 0
TOP OF THE 4TH
Rochester Red Wings batting - Pitching for Omaha Storm Chasers : LHP John Brooks
Batting: RHB Dan Grable 0-0: Foul Ball, location: 2F
0-1: Swinging Strike
0-2: Ball
1-2: Strikes out swinging
Batting: LHB Tyler Allen 0-0: Called Strike
0-1: Foul Ball, location: 2F
0-2: SINGLE (Groundball, 4MD, EV 102.5 MPH)
Batting: RHB José Molina 0-0: Ball
Tyler Allen steals 2nd base
1-0: Ball
2-0: Ground out 5-3 (Groundball, 56, EV 100.0 MPH)
Batting: SHB Ian Thompson 0-0: Ball
1-0: Swinging Strike
1-1: Foul Ball, location: 2F
1-2: Ball
2-2: Reached on error, E6 (Groundball, 6, EV 83.8 MPH)
Tyler Allen to third
Batting: RHB Leo Gonzalez 0-0: Ball
1-0: Called Strike
1-1: Called Strike
1-2: Ball
2-2: Strikes out swinging
Top of the 4th over - 0 runs, 1 hit, 1 error, 2 left on base; Rochester 1 - Omaha 0
BOTTOM OF THE 4TH
Omaha Storm Chasers batting - Pitching for Rochester Red Wings : RHP Ruben Requena
Batting: RHB Adam Martin 0-0: Ball
1-0: Ball
2-0: Ball
3-0: Called Strike
3-1: Called Strike
3-2: Base on Balls
Batting: RHB Kazuki Arai 0-0: Ball
1-0: Ball
2-0: Called Strike
2-1: Foul Ball, location: 2F
2-2: Ball
3-2: Foul Ball, location: 2F
3-2: Strikes out looking
Batting: LHB Robby Diaz 0-0: DOUBLE (Line Drive, 78D, EV 106.9 MPH)
Adam Martin to third
Batting: RHB Taisei Fujii 0-0: Ball
1-0: Fly out, F8 (Flyball, 8RD, EV 85.0 MPH)
Runner from 3rd tags up, SCORES, throw by CF
Robby Diaz to third
Batting: SHB Bill Ertl 0-0: Ball
Wild Pitch!
Robby Diaz scores
1-0: Ball
2-0: Ground out 4-3 (Groundball, 4, EV 88.1 MPH)
Bottom of the 4th over - 2 runs, 1 hit, 0 errors, 0 left on base; Rochester 1 - Omaha 2
TOP OF THE 5TH
Rochester Red Wings batting - Pitching for Omaha Storm Chasers : LHP John Brooks
Batting: RHB Josh Harmon 0-0: Ball
1-0: Ball
2-0: Foul Ball, location: 2F
2-1: Fly out, F9 (Flyball, 9LS, EV 83.1 MPH)
Batting: LHB Jon Ventura 0-0: Ball
1-0: Ball
2-0: Ball
3-0: Called Strike
3-1: Swinging Strike
3-2: Strikes out swinging, 2-3 out at first.
Batting: RHB Ryan Gautney 0-0: Ball
1-0: Ground out 6-3 (Groundball, 6, EV 85.0 MPH)
Top of the 5th over - 0 runs, 0 hits, 0 errors, 0 left on base; Rochester 1 - Omaha 2
BOTTOM OF THE 5TH
Omaha Storm Chasers batting - Pitching for Rochester Red Wings : RHP Ruben Requena
Batting: RHB Ken Postlethwaite 0-0: Ball
1-0: Ball
2-0: DOUBLE (Flyball, 89XD, EV 111.2 MPH)
Batting: RHB Justin Goff 0-0: Swinging Strike
0-1: Swinging Strike
0-2: Ball
1-2: Strikes out looking
Batting: RHB Kevin Wimberly 0-0: Called Strike
0-1: Called Strike
0-2: Foul Ball, location: 2F
0-2: Ground out 6-3 (Groundball, 6, EV 104.4 MPH)
Batting: SHB Ryoji Hiraoka 0-0: Ball
1-0: Ball
2-0: Ball
3-0: Base on Balls
Batting: RHB Adam Martin 0-0: Fly out, F8 (Flyball, 8LM, EV 89.4 MPH)
Bottom of the 5th over - 0 runs, 1 hit, 0 errors, 2 left on base; Rochester 1 - Omaha 2
TOP OF THE 6TH
Rochester Red Wings batting - Pitching for Omaha Storm Chasers : LHP John Brooks
Batting: RHB Pedro Pinero 0-0: Called Strike
0-1: Fly out, F6 (Line Drive, 6, EV 67.5 MPH)
Batting: RHB Dan Grable 0-0: Called Strike
0-1: Fly out, F8 (Flyball, 8LS, EV 71.9 MPH)
Batting: LHB Tyler Allen 0-0: Ball
1-0: Ground out 6-3 (Groundball, 6, EV 103.1 MPH)
Top of the 6th over - 0 runs, 0 hits, 0 errors, 0 left on base; Rochester 1 - Omaha 2
BOTTOM OF THE 6TH
Omaha Storm Chasers batting - Pitching for Rochester Red Wings : RHP Ruben Requena
Batting: RHB Kazuki Arai 0-0: Called Strike
0-1: Ball
1-1: Called Strike
1-2: Ball
2-2: Ground out U3 (Groundball, 3S, EV 85.6 MPH)
Batting: LHB Robby Diaz 0-0: Called Strike
0-1: Foul Ball, location: 2F
0-2: Ball
1-2: Ball
2-2: Foul Ball, location: 2F
2-2: Fly out, F8 (Flyball, 8LD, EV 101.2 MPH)
Batting: RHB Taisei Fujii 0-0: Called Strike
0-1: Called Strike
0-2: Ball
1-2: Ground out 6-3 (Groundball, 56, EV 106.9 MPH)
Bottom of the 6th over - 0 runs, 0 hits, 0 errors, 0 left on base; Rochester 1 - Omaha 2
TOP OF THE 7TH
Rochester Red Wings batting - Pitching for Omaha Storm Chasers : LHP John Brooks
Batting: RHB José Molina 0-0: Foul Ball, location: 2F
0-1: Called Strike
0-2: Ground out 6-3 (Groundball, 6, EV 83.8 MPH)
Batting: SHB Ian Thompson 0-0: Ball
1-0: Ball
2-0: Called Strike
2-1: Foul Ball, location: 2F
2-2: Foul Ball, location: 2F
2-2: Ball
3-2: Foul Ball, location: 2F
3-2: SOLO HOME RUN (Flyball, 7D, EV 98.1 MPH), Distance : 386 ft
Pitching: RHP Ian Current
Batting: RHB Leo Gonzalez 0-0: Ball
1-0: Ball
2-0: DOUBLE (Line Drive, 9LS, EV 105.0 MPH)
Batting: RHB Josh Harmon 0-0: Ball
1-0: Called Strike
1-1: SINGLE (Groundball, 4MD, EV 101.2 MPH)
Leo Gonzalez to third
Runner from 3rd tries for Home, SAFE, throw by CF to home
Batting: LHB Jon Ventura 0-0: Called Strike
0-1: Ball
1-1: Foul Ball, location: 2F
1-2: Ball
2-2: Ball
3-2: Foul Ball, location: 2F
3-2: Base on Balls
Josh Harmon to second
Batting: RHB Ryan Gautney 0-0: Ball
1-0: DOUBLE (Line Drive, 9LM, EV 104.4 MPH)
Josh Harmon scores
Jon Ventura to third
Runner from 3rd tries for Home, SAFE, no throw by RF
Pitching: RHP Justin Nipper
Batting: RHB Pedro Pinero 0-0: Fly out, F7 (Flyball, 78M, EV 87.5 MPH)
Batting: RHB Dan Grable 0-0: Foul Ball, location: 2F
0-1: Foul Ball, location: 2F
0-2: Ball
1-2: Strikes out swinging
Top of the 7th over - 4 runs, 4 hits, 0 errors, 1 left on base; Rochester 5 - Omaha 2
BOTTOM OF THE 7TH
Omaha Storm Chasers batting - Pitching for Rochester Red Wings : RHP Ruben Requena
Batting: SHB Bill Ertl 0-0: Foul Ball, location: 2F
0-1: Ball
1-1: Called Strike
1-2: Strikes out swinging
Batting: RHB Ken Postlethwaite 0-0: Swinging Strike
0-1: Swinging Strike
0-2: Strikes out swinging passed ball, reaches first!
Batting: RHB Justin Goff 0-0: Called Strike
Ken Postlethwaite steals 2nd base
0-1: Swinging Strike
0-2: Ball
1-2: Ball
2-2: Foul Ball, location: 2F
2-2: Fly out, F7 (Flyball, 7S, EV 90.6 MPH)
Pitching: RHP Matthew Lange
Batting: RHB Kevin Wimberly 0-0: Called Strike
0-1: Foul Ball, location: 2F
0-2: Strikes out looking
Bottom of the 7th over - 0 runs, 0 hits, 0 errors, 1 left on base; Rochester 5 - Omaha 2
TOP OF THE 8TH
Rochester Red Wings batting - Pitching for Omaha Storm Chasers : RHP Justin Nipper
Batting: LHB Tyler Allen 0-0: Ball
1-0: Called Strike
1-1: Ball
2-1: Ball
3-1: Called Strike
3-2: Strikes out looking
Batting: RHB José Molina 0-0: Foul Ball, location: 2F
0-1: Swinging Strike
0-2: Ball
1-2: Ground out 6-3 (Groundball, 6, EV 108.8 MPH)
Batting: SHB Ian Thompson 0-0: Called Strike
0-1: Ball
1-1: Called Strike
1-2: Ball
2-2: Reached on error, E3 (Groundball, 3L, EV 105.6 MPH)
Batting: RHB Leo Gonzalez 0-0: Foul Ball, location: 2F
0-1: Swinging Strike
0-2: Ball
1-2: Ball
2-2: Ball
Pickoff Throw by Catcher to First - Out!
Top of the 8th over - 0 runs, 0 hits, 1 error, 0 left on base; Rochester 5 - Omaha 2
BOTTOM OF THE 8TH
Omaha Storm Chasers batting - Pitching for Rochester Red Wings : RHP Matthew Lange
Batting: SHB Ryoji Hiraoka 0-0: Foul Ball, location: 2F
0-1: Ball
1-1: Ball
2-1: Foul Ball, location: 2F
2-2: SINGLE (Line Drive, 9LS, EV 87.5 MPH)
Batting: RHB Adam Martin 0-0: Ball
1-0: Called Strike
1-1: Ball
2-1: Fielders Choice at 2nd, 1-6 (Groundball, 13S, EV 66.2 MPH)
Batting: RHB Kazuki Arai 0-0: Called Strike
0-1: Ball
1-1: Foul Ball, location: 2F
1-2: Fly out, F4 (Popup, 4S, EV 81.9 MPH)
Batting: LHB Robby Diaz 0-0: Ball
1-0: Ball
2-0: Called Strike
2-1: Ball
3-1: Foul Ball, location: 2F
3-2: Fly out, F7 (Line Drive, 78M, EV 93.1 MPH)
Bottom of the 8th over - 0 runs, 1 hit, 0 errors, 1 left on base; Rochester 5 - Omaha 2
TOP OF THE 9TH
Rochester Red Wings batting - Pitching for Omaha Storm Chasers : RHP Justin Nipper
Pitching: RHP Junsuke Abe
Batting: RHB Leo Gonzalez 0-0: Called Strike
0-1: Ball
1-1: Ball
2-1: Ground out 1-3 (Groundball, P, EV 70.6 MPH)
Batting: RHB Josh Harmon 0-0: Foul Ball, location: 2F
0-1: Ball
1-1: Foul Ball, location: 2F
1-2: Foul Ball, location: 2F
1-2: Foul Ball, location: 2F
1-2: Ground out 4-3 (Groundball, 4, EV 80.0 MPH)
Batting: LHB Jon Ventura 0-0: Called Strike
0-1: Ball
1-1: Ball
2-1: Called Strike
2-2: Foul Ball, location: 2F
2-2: Strikes out swinging
Top of the 9th over - 0 runs, 0 hits, 0 errors, 0 left on base; Rochester 5 - Omaha 2
BOTTOM OF THE 9TH
Omaha Storm Chasers batting - Pitching for Rochester Red Wings : RHP Matthew Lange
Pitching: LHP Josh Gunderson
Batting: RHB Taisei Fujii 0-0: Called Strike
0-1: Ball
1-1: Ball
2-1: Fly out, F8 (Line Drive, 8RM, EV 101.2 MPH)
Batting: SHB Bill Ertl 0-0: Fly out, F7 (Flyball, 78S, EV 72.5 MPH)
Batting: RHB Ken Postlethwaite 0-0: SINGLE (Groundball, 56S, EV 68.8 MPH) (infield hit)
Batting: RHB Justin Goff 0-0: Ball
1-0: Ground out 4-3 (Groundball, 34, EV 99.4 MPH)
Bottom of the 9th over - 0 runs, 1 hit, 0 errors, 1 left on base; Rochester 5 - Omaha 2
Sunday, July 16th , 2023 - OOTP Baseball 24.6 Build 69